 Dungeon Crawl Stone Soup version 0.27-a0-1555-g0e7b3fb1d2 (webtiles) character file.

Game seed: 16965272755136309597

1260 pokeman the Thaumaturge (level 8, -10/44 HPs)
             Began as a Deep Elf Hedge Wizard on July 14, 2021.
             Killed by divine providence
             ... invoked by an orc priest
              (17 damage)
             ... on level 6 of the Dungeon.
             The game lasted 00:15:12 (6274 turns).

pokeman the Thaumaturge (Deep Elf Hedge Wizard)     Turns: 6274, Time: 00:15:13

Health: -10/44     AC:  7    Str: 13    XL:     8   Next: 27%
Magic:  18/23      EV: 12    Int: 22    God:
Gold:   237        SH:  0    Dex: 14    Spells: 9/25 levels left

rFire    . . .     SeeInvis .   v - +2 dagger (elec)
rCold    + . .     Faith    .   (no shield)
rNeg     . . .     Spirit   .   r - +0 leather armour
rPois    .         Reflect  .   t - +2 helmet of the King of the Hill {Str+6}
rElec    .         Harm     .   e - +0 cloak
rCorr    .         Rampage  .   (no gloves)
Will     .....                  (no boots)
Stlth    ++........             (no amulet)
HPRegen  0.14/turn              p - ring of protection from cold
MPRegen  0.18/turn              (no ring)

@: no status effects
A: no striking features
a: no special abilities


You were on level 6 of the Dungeon.
You visited 1 branch of the dungeon, and saw 7 of its levels.

You collected 237 gold pieces.

Inventory:

Hand Weapons
 v - a +2 dagger of electrocution (weapon)
 w - a +1 trident of venom
Missiles
 k - 48 bolts
 n - 99 arrows
Armour
 c - a +2 robe of fire resistance
 e - a +0 cloak (worn)
 r - a +0 leather armour (worn)
 t - the +2 helmet of the King of the Hill (worn) {Str+6}
   (You took it off Robin on level 4 of the Dungeon)

   Str:       It affects your strength (+6).
Jewellery
 a - a ring of wizardry
 p - a ring of protection from cold (left hand)
Wands
 m - a wand of flame (19)
Scrolls
 d - 2 scrolls of magic mapping {unknown}
 f - a scroll of teleportation {unknown}
 i - a scroll of amnesia {unknown}
 j - 4 scrolls of identify {unknown}
 l - a scroll of silence {unknown}
 q - a scroll of fog {unknown}
 s - a scroll of enchant weapon {unknown}
 x - a scroll of immolation {unknown}
Potions
 b - 2 potions of curing {unknown}
 g - a potion of might {unknown}
 h - a potion of mutation {unknown}
 o - a potion of magic {unknown}
 u - a potion of heal wounds {unknown}
 z - a potion of haste {unknown}


   Skills:
 - Level 2.3 Fighting
 + Level 1.4 Armour
 - Level 3.0 Dodging
 - Level 3.3 Stealth
 * Level 9.3 Spellcasting
 + Level 4.8 Conjurations
 - Level 1.1 Summonings
 - Level 1.1 Translocations
 + Level 3.0 Fire Magic
 - Level 1.0 Air Magic
 - Level 1.1 Earth Magic
 - Level 1.0 Poison Magic
 - Level 2.3 Evocations


You had 9 spell levels left.
You knew the following spells:

 Your Spells              Type           Power      Damage    Failure   Level
a - Magic Dart            Conj           100%       1d8       1%          1
b - Mephitic Cloud        Conj/Pois/Air  20%        N/A       10%         3
c - Call Imp              Summ           15%        N/A       8%          2
d - Blink                 Tloc           N/A        N/A       8%          2
e - Conjure Flame         Conj/Fire      27%        6-21      4%          3
f - Bolt of Magma         Conj/Fire/Erth 11%        4d7       54%         5

Your spell library contained the following spells:

 Spells                   Type           Power      Damage    Failure   Level
 Slow                     Hex            10%        N/A       12%         2
 Ignite Poison            Fire/Tmut/Pois 16%        N/A       14%         3


Dungeon Overview and Level Annotations

Branches:
Dungeon (7/15)
 Temple: D:4-7

Altars:
Okawaru

Portals:
Ossuary: D:5


Message History

The orc priest shouts! x2
The orc wizard gestures at you while chanting.
You easily resist.
You hear a shout!
You hear a loud, deep croak!
A bullfrog comes into view.
The bullfrog croaks.
The orc wizard points at you and mumbles some strange words.
The magic dart hits you!
The bullfrog swells and bulges.
The bullfrog misses you.
Casting: Blink (safe; 8% risk of failure)
Confirm with . or Enter, or press ? or * to list all spells.
You blink.
A shadow imp comes into view.
Found 15 sling bullets and a scroll labelled LUSCHA CIFA.
The shadow imp shouts, "Abandon hope, thou froward limp-willed brigand!"
The jelly quivers.
The orc priest begins to cast a cantrip, but forgets the words!
Casting: Blink (safe; 8% risk of failure)
Confirm with . or Enter, or press ? or * to list all spells.
Aiming: Mephitic Cloud (dangerous; 10% risk of failure)
Press: ? - help, Shift-Dir - straight line, f - orc priest
Aim: an orc priest, wielding a +0 dagger (chance to affect: 86%)
The ball explodes into a vile cloud!
The stinking cloud engulfs the orc priest but does no damage.
The orc priest is engulfed in noxious fumes.
The orc priest appears confused.
Unknown command.
The bullfrog completely misses you.
The orc wizard mumbles some strange words.
The orc wizard flickers and vanishes!
Deactivating autopickup; reactivate with Ctrl-A.
The shadow imp gestures at you. Pain shoots through your body!
The bullfrog hits you!
* * * LOW HITPOINT WARNING * * *
The orc priest looks braver for a moment.
Unknown command.
The orc priest invokes the aid of Beogh against you.
Beogh smites you!
You die...

###### #########....##
#.......#...... ##
#..)....#...... ...
#####.o.....#......
....##....§.○....#......
........Y..☼.....#......
........F..○☼...........
.......@o.....##........
.........J..............
........................
...(...5......##........
..?.....................
...###....#.............
≈≈≈ #....#.............
## #..... ... ......
..#...


You could see an ice beast, a bullfrog, a jelly, 2 orc priests and a shadow imp.

Vanquished Creatures
  Pikel (D:4)
  Sigmund (D:4)
  Edmund (D:4)
  An ogre (D:5)
  2 lemures (D:4)
  A phantom (D:4)
  Blork the orc (D:4)
  A wyvern skeleton (D:6)
  An iguana (D:5)
  2 orc wizards
  Robin (D:4)
  A gnoll (D:4)
  5 adders
  A shadow imp (D:5)
  A white imp (D:6)
  2 adder skeletons (D:4)
  A worm (D:4)
  2 dart slugs
  9 orcs
  8 ball pythons
  7 endoplasms
  3 giant cockroaches
  13 goblins
  16 hobgoblins
  11 jackals
  4 kobolds
  2 quokkas
  3 bats
  A frilled lizard (D:1)
  3 rats (D:1)
106 creatures vanquished.

Vanquished Creatures (collateral kills)
  A lemure (D:4)
  A hound (D:4)
  An orc (D:4)
3 creatures vanquished.

Vanquished Creatures (others)
  A howler monkey (D:6)
  A hound (D:6)
  An iguana (D:6)
  An orc (D:6)
  15 plants (D:4)
19 creatures vanquished.

Grand Total: 128 creatures vanquished

Notes
Turn   | Place    | Note
-------+----------+-------------------------------------------
     0 | D:1      | pokeman the Deep Elf Hedge Wizard began the quest for the
                  | Orb.
     0 | D:1      | Reached XP level 1. HP: 10/10 MP: 7/7
   400 | D:1      | Found a faded altar of an unknown god.
   400 | D:1      | Noticed a hellion
   478 | D:1      | Reached XP level 2. HP: 16/16 MP: 4/9
  1211 | D:2      | Reached skill level 5 in Spellcasting
  1433 | D:2      | Reached XP level 3. HP: 20/20 MP: 6/11
  1437 | D:2      | Learned a level 3 spell: Mephitic Cloud
  1440 | D:2      | Learned a level 2 spell: Call Imp
  1443 | D:2      | Learned a level 2 spell: Blink
  1447 | D:2      | Learned a level 3 spell: Conjure Flame
  1559 | D:2      | Reached skill level 1 in Armour
  2185 | D:2      | Reached skill level 1 in Fighting
  2367 | D:2      | Reached XP level 4. HP: 20/25 MP: 9/13
  2968 | D:3      | Reached skill level 6 in Spellcasting
  2971 | D:3      | Reached XP level 5. HP: 26/29 MP: 4/15
  2977 | D:3      | Learned a level 5 spell: Bolt of Magma
  3258 | D:4      | Noticed Sigmund
  3269 | D:4      | Killed Sigmund
  3270 | D:4      | Reached skill level 1 in Evocations
  3270 | D:4      | Reached XP level 6. HP: 34/34 MP: 10/17
  3270 | D:4      | Noticed Blork the orc
  3281 | D:4      | Killed Blork the orc
  3282 | D:4      | Reached skill level 7 in Spellcasting
  4060 | D:4      | Reached skill level 1 in Poison Magic
  4448 | D:4      | Noticed Edmund
  4459 | D:4      | Killed Edmund
  4460 | D:4      | Reached skill level 1 in Earth Magic
  4460 | D:4      | Reached XP level 7. HP: 22/38 MP: 11/20
  5046 | D:4      | Identified the +2 helmet of the King of the Hill {Str+6}
  5046 | D:4      | Noticed Robin
  5056 | D:4      | Killed Robin
  5510 | D:4      | Noticed Pikel
  5543 | D:4      | Reached skill level 1 in Fire Magic
  5543 | D:4      | Reached skill level 1 in Air Magic
  5836 | D:4      | Killed Pikel
  5837 | D:4      | Reached skill level 9 in Spellcasting
  5837 | D:4      | Reached XP level 8. HP: 44/44 MP: 12/23
  5945 | D:5      | Entered Level 5 of the Dungeon
  5990 | D:5      | Found an iron altar of Okawaru.
  6176 | D:5      | Found a sand-covered staircase.
  6176 | D:5      | You fall into a shaft and drop 2 floors!
  6274 | D:6      | Killed from afar by an orc priest

Illustrated notes

Levels and vault maps discovered:
D:1:      lemuel_arrival_hallway, layout_basic,
          dreamdust_ecumenical_altar_sealed_demon
D:2:      layout_basic, minmay_misc_feat_hallway
D:3:      layout_rooms, kennysheep_generic_room_16
D:4:      kennysheep_spiral_hall, layout_basic, chequers_serial_rivers_large_a,
          serial_bayou_ford_a, fountainhead, uniq_blork_the_orc, uniq_robin,
          uniq_pikel, uniq_sigmund, uniq_edmund
D:5:      layout_cave_pods, kennysheep_okawaru_gauntlet, enter_ossuary_2,
          minmay_misc_feat_five
D:6:      layout_basic, kennysheep_mini, xom_confusion_cloud,
          nicolae_overflow_hidden_temple, lemuel_temple_firewalk_b,
          minmay_manual_mullet
D:7:      layout_loops_cross

Skill      XL: |  1  2  3  4  5  6  7  8 |
---------------+-------------------------+-----
Spellcasting   | 5 6 7 9 |  9.3
Armour         | 1 |  1.4
Fighting       | 1 2 |  2.3
Conjurations   | 2 3 4 |  4.8
Dodging        | 3 |  3.0
Stealth        | 3 |  3.3
Evocations     | 1 2 |  2.3
Poison Magic   | 1 |  1.0
Earth Magic    | 1 |  1.1
Fire Magic     | 2 3 |  3.0
Air Magic      | 1 |  1.0
Summonings     | |  1.1
Translocations | |  1.1

Action                   |  1- 3 |  4- 6 |  7- 9 || total
-------------------------+-------+-------+-------++-------
Melee: Dagger            |    41 |    26 |    25 ||    92
       Long sword        |       |     8 |       ||     8
 Cast: Magic Dart        |    95 |   100 |    71 ||   266
       Mephitic Cloud    |     1 |     6 |     7 ||    14
       Conjure Flame     |       |     5 |     7 ||    12
       Call Imp          |       |     3 |     8 ||    11
       Blink             |       |       |     2 ||     2
 Stab: Confused          |     1 |     4 |     2 ||     7
       Sleeping          |       |     1 |       ||     1
Armor: Robe              |    18 |       |       ||    18
       Leather armour    |       |    11 |    11 ||    22
Dodge: Dodged            |    39 |    43 |    29 ||   111
       Rpst.: Long sword |       |     5 |       ||     5

Table legend: (Time is in decaauts)
 A = Elapsed time spent in this place.
 B = Non-inter-level travel time spent in this place.
 C = Inter-level travel time spent in this place.
 D = Time resting spent in this place.
 E = Time spent auto-exploring this place.
 F = Levels seen in this place.
 G = Mean time per level.
                   A        B        C        D        E       F      G
               +--------+--------+--------+--------+--------+-----+--------+
         Total |   6301 |   5992 |    309 |    644 |   4120 |   7 |  900.1 |
       Dungeon |   6301 |   5992 |    309 |    644 |   4120 |   7 |  900.1 |
               +--------+--------+--------+--------+--------+-----+--------+

Top non-repeatable levels by time:
     D:4: 2652 daAuts
     D:2: 1294 daAuts
     D:1: 1181 daAuts
     D:3: 862 daAuts
     D:5: 213 daAuts
     D:6: 77 daAuts
     D:7: 19 daAuts
